 Dungeon Crawl Stone Soup version 0.17-a0-547-g5e20af8 (webtiles) character file.

4337 inmateoo the Grappler (level 10, -8/94 HPs)
             Began as a Gargoyle Monk on Apr 13, 2015.
             Was a High Priest of Cheibriados.
             Mangled by Gastronok (21 damage)
             ... on level 8 of the Dungeon.
             The game lasted 00:15:21 (7610 turns).

inmateoo the Grappler (Gargoyle Monk)               Turns: 7610, Time: 00:15:22

Health: -8/94      AC: 25    Str: 30    XL:     10   Next: 33%
Magic:  15/15      EV:  2    Int: 26    God:    Cheibriados [*****.]
Gold:   214        SH:  6    Dex: 23    Spells: 0 memorised, 16 levels left

rFire  . . .     SeeInvis .       - Unarmed
rCold  . . .     Clarity  .     (armour currently unavailable)
rNeg   + + +     SustAb   .     p - +0 buckler
rPois  ∞         Gourm    .     (helmet currently unavailable)
rElec  .         Spirit   .     (cloak currently unavailable)
rCorr  .         Warding  .     (gloves currently unavailable)
rMut   .         NoTele   +     (boots currently unavailable)
MR     .....                    o - amulet of regeneration
Stlth  +++.......               (no ring)
                                (no ring)

@: mighty, tree-form, slowed, very slow, not resistant to hostile enchantments,
fairly stealthy
A: negative energy resistance 1, (electricity resistance), (unbreathing),
petrification resistance, rot immunity, AC +7
a: Bend Time, Temporal Distortion, Slouch, Step From Time, Renounce Religion


You were on level 8 of the Dungeon.
You worshipped Cheibriados.
Cheibriados was extremely pleased with you.
You were hungry.
You were a tree.
You visited 2 branches of the dungeon, and saw 9 of its levels.

You collected 416 gold pieces.
You spent 202 gold pieces at shops.

Inventory:

Hand weapons
 j - a +0 whip of electrocution
 D - a +2 flail of venom
Missiles
 m - a throwing net (quivered)
Armour
 i - a +0 helmet (melded)
 p - a +0 buckler (worn)
 z - a +2 cloak of magic resistance (melded)
 G - a +0 pair of gloves (melded)
 H - a +0 chain mail (melded)
 N - a +0 pair of boots of flying (melded)
Jewellery
 o - an amulet of regeneration (around neck)
Magical devices
 r - a wand of flame (16)
 u - a wand of digging (8)
 y - a wand of teleportation (0)
 I - a wand of paralysis (7)
Scrolls
 a - a scroll of immolation
 g - 2 scrolls of teleportation
 l - 4 scrolls of remove curse
 x - a scroll of enchant armour
 F - 2 scrolls of blinking
Potions
 c - 3 potions of curing
 e - a potion of brilliance
 h - a potion of invisibility
 k - a potion of lignification
 n - 2 potions of mutation {unknown}
 s - 2 potions of might
 t - 2 potions of resistance {unknown}
 A - a potion of magic {unknown}
 B - a potion of poison {unknown}
 E - a potion of ambrosia
 L - a potion of haste {unknown}
Comestibles
 b - 8 bread rations
 d - 2 slices of pizza
 f - 2 beef jerkies
 q - 2 meat rations
 v - 3 fruits
 w - 7 royal jellies


   Skills:
 + Level 7.6 Fighting
 + Level 4.7 Armour
 - Level 4.3 Dodging
 - Level 2.1 Stealth
 + Level 5.0 Shields
 * Level 10.0 Unarmed Combat
 + Level 3.8 Spellcasting
 + Level 3.7 Invocations


You had 16 spell levels left.
You didn't know any spells.

Dungeon Overview and Level Annotations

Branches:
Dungeon (8/15)             Temple (1/1) D:4
   Lair: D:8-11

Altars:
Ashenzari
Cheibriados
Dithmenos
Elyvilon
Gozag
Kikubaaqudgha
Makhleb
Nemelex Xobeh
Okawaru
Ru
Sif Muna
Trog
Vehumet
Xom
Yredelemnul
Zin
The Shining One

Shops:
D:8 }*[[

Annotations:
D:8 Gastronok


Innate Abilities, Weirdness & Mutations

You are resistant to torment.
((Your stone body is resilient (AC +7).))
You are immune to poison.
You resist negative energy.
((You are resistant to electric shocks.))
((You can survive without breathing.))
You are immune to petrification.
You are immune to rotting.


Message History

Unknown command.
You punch Gastronok!
Gastronok is heavily wounded.
Unknown command.
You punch Gastronok!
Gastronok is heavily wounded.
Gastronok waves his eye-stalks in wide circles.
The air twists around and strikes you!
* * * LOW HITPOINT WARNING * * *
Unknown command.
Drink which item? (? for menu, Esc to quit)
It was a potion of lignification.
You turn into a tree.
Your +2 cloak of magic resistance melds into your body.
Your +0 helmet melds into your body.
Your +0 pair of gloves melds into your body.
Your +0 pair of boots of flying melds into your body.
Your +0 chain mail melds into your body.
You feel less resistant to hostile enchantments.
Your roots penetrate the ground.
Gastronok bites you!!
You die...

#..# ##.###..# #.# #..#
##...#.# #.# ...#
##...##.# #.# ...#
#...###.# #.#
...###.#.....# #.#
#...##...##..# ##.####
.............# ##.....#
).#..######.## #..P...#
..##.........###♣.P∩P.#
).#....†...>...w....P.#
.....####.(..###......#
#..(## #.#.## #...####
....# ##.#.# #####
..######....#
............#
########...## # ##.##


You could see Gastronok.

Vanquished Creatures
  Pikel (D:7)
  Maurice (D:8)
  The ghost of inmateoo the Ruffian, an experienced GrMo (D:5)
  A queen bee (D:8)
  Prince Ribbit (D:6)
  Edmund (D:6)
  An orc warrior (D:8)
  Duvessa (D:7)
  An ice beast (D:8)
  3 slaves (D:7)
  2 ogres
  2 centaurs
  2 crocodiles (D:8)
  3 giant frogs
  Dowan (D:7)
  A scorpion (D:4)
  17 killer bees (D:8)
  2 crimson imps
  A wight (D:6)
  3 goliath beetles
  4 hounds
  Crazy Yiuf (D:5)
  2 orc priests
  A jelly (D:8)
  2 orc wizards (D:7)
  4 worker ants
  An iguana (D:4)
  A killer bee zombie (D:8)
  A hound skeleton (D:6)
  2 hound zombies
  Robin (D:3)
  3 gnolls
  5 adders
  5 worms
  A shadow imp (D:6)
  An adder skeleton (D:5)
  2 giant geckos
  17 orcs
  24 bats
  8 giant cockroaches
  14 hobgoblins
  8 jackals
  5 quokkas
  2 ball pythons
  2 giant newts
  19 goblins
  11 kobolds
  13 rats
206 creatures vanquished.

Vanquished Creatures (others)
  A centaur (D:6)
  A giant gecko (D:6)
  An orc (D:6)
  A bat (D:6)
4 creatures vanquished.

Grand Total: 210 creatures vanquished

Notes
Turn   | Place    | Note
--------------------------------------------------------------
     0 | D:1      | inmateoo, the Gargoyle Monk, began the quest for the Orb.
     0 | D:1      | Reached XP level 1. HP: 14/14 MP: 1/1
   238 | D:1      | Reached XP level 2. HP: 17/19 MP: 2/2
   732 | D:2      | Found a shadowy altar of Dithmenos.
   840 | D:2      | Reached XP level 3. HP: 6/23 MP: 3/3
  1514 | D:2      | Reached XP level 4. HP: 29/29 MP: 4/4
  1695 | D:2      | Found a glowing golden altar of the Shining One.
  2000 | D:2      | Reached skill level 5 in Unarmed Combat
  2338 | D:3      | Noticed Robin
  2550 | D:2      | Reached XP level 5. HP: 28/33 MP: 5/5
  2605 | D:3      | Killed Robin
  2719 | D:3      | Noticed a giant frog
  2736 | D:3      | Killed a giant frog
  2929 | D:3      | Reached XP level 6. HP: 34/39 MP: 6/6
  2937 | D:3      | Found an opulent altar of Gozag.
  3398 | D:4      | Found a shattered altar of Ashenzari.
  3427 | D:4      | Found a bloodstained altar of Trog.
  3642 | D:4      | Reached skill level 6 in Unarmed Combat
  3730 | D:4      | Found a sparkling altar of Nemelex Xobeh.
  3839 | D:4      | Reached skill level 5 in Fighting
  3970 | D:4      | Reached XP level 7. HP: 44/44 MP: 7/7
  3980 | D:4      | Found a staircase to the Ecumenical Temple.
  3999 | Temple   | Entered the Ecumenical Temple
  4028 | Temple   | Became a worshipper of Cheibriados the Contemplative
  4028 | Temple   | Acquired Cheibriados's first power
  4055 | D:5      | Entered Level 5 of the Dungeon
  4218 | D:5      | Found a radiant altar of Vehumet.
  4218 | D:5      | Noticed inmateoo's ghost (experienced GrMo)
  4438 | D:5      | Killed inmateoo's ghost
  4438 | D:5      | Reached skill level 7 in Unarmed Combat
  4438 | D:5      | Reached XP level 8. HP: 22/51 MP: 8/8
  4635 | D:5      | Noticed Crazy Yiuf
  4724 | D:5      | Killed Crazy Yiuf
  4865 | D:6      | Reached skill level 1 in Armour
  4871 | D:6      | Reached skill level 1 in Shields
  4907 | D:6      | Noticed Edmund
  4922 | D:6      | Killed Edmund
  4922 | D:6      | Acquired Cheibriados's second power
  4922 | D:6      | Reached skill level 8 in Unarmed Combat
  4922 | D:6      | Reached skill level 1 in Spellcasting
  5043 | D:6      | Noticed Prince Ribbit
  5069 | D:6      | Killed Prince Ribbit
  5120 | D:6      | Found a shimmering altar of Xom.
  5345 | D:6      | Found an ancient bone altar of Kikubaaqudgha.
  5724 | D:7      | Noticed Dowan
  5725 | D:7      | Noticed Duvessa
  5746 | D:7      | Killed Duvessa
  5746 | D:7      | Reached XP level 9. HP: 52/56 MP: 10/12
  5749 | D:7      | Killed Dowan
  6061 | D:7      | Reached skill level 1 in Invocations
  6212 | D:7      | Acquired Cheibriados's third power
  6249 | D:7      | Noticed Pikel
  6267 | D:7      | Killed Pikel
  6595 | D:8      | Reached skill level 9 in Unarmed Combat
  6634 | D:8      | Found Gaoll's Assorted Antiques.
  6637 | D:8      | Found Fuehaf's Gadget Shop.
  6639 | D:8      | Bought a scroll of identify for 54 gold pieces
  6705 | D:8      | Noticed Maurice
  6717 | D:8      | Killed Maurice
  6775 | D:8      | Found Naixum's Armour Shop.
  6884 | D:8      | Reached XP level 10. HP: 36/63 MP: 13/15
  7228 | D:8      | Found a burning altar of Makhleb.
  7369 | D:8      | Found an iron altar of Okawaru.
  7377 | D:8      | Acquired Cheibriados's fourth power
  7394 | D:8      | Reached skill level 5 in Shields
  7420 | D:8      | Reached skill level 10 in Unarmed Combat
  7440 | D:8      | Found Huhum's Antique Armour Shoppe.
  7449 | D:8      | Bought a pair of embroidered boots for 148 gold pieces
  7557 | D:8      | Noticed Gastronok
  7610 | D:8      | Mangled by Gastronok

Action                   |  1- 3 |  4- 6 |  7- 9 | 10-12 || total
-------------------------+-------+-------+-------+-------++-------
Melee: Unarmed           |   131 |   362 |   397 |   143 ||  1033
       Flail             |       |       |    16 |       ||    16
Invok: Slouch            |       |       |       |     1 ||     1
 Abil: Stop Flying       |       |       |       |     1 ||     1
Evoke: Wand              |       |       |     1 |       ||     1
  Use: Scroll            |     2 |     4 |     7 |     2 ||    15
       Potion            |       |       |       |     2 ||     2
 Stab: Sleeping          |     5 |       |       |       ||     5
       Paralysed         |       |       |     7 |       ||     7
       Distracted        |       |       |     1 |       ||     1
  Eat: Chunk             |     2 |     9 |     8 |     2 ||    21
